 Dungeon Crawl Stone Soup version 0.29-a0-40-g8eb35efe60 (webtiles) character file.

Game seed: 14337524551077247295

83 bromine the Nimble (level 4, 0/38 HPs)
             Began as a Gnoll Wanderer on Jan 31, 2022.
             Was a High Priest of Ignis.
             Slain by an orc (5 damage)
             ... on level 3 of the Dungeon on Feb 1, 2022.
             The game lasted 00:33:59 (3089 turns).

bromine the Nimble (Gnoll Wanderer)                 Turns: 3089, Time: 00:34:00

Health: 0/38       AC:  6    Str: 10 (11) XL:     4   Next: 44%
Magic:  8/8        EV: 14    Int: 10 (11) God:    Ignis [*****.]
Gold:   91         SH:  0    Dex: 11 (14) Spells: 8/9 levels left

rFire   + . .      SeeInvis .   n - +0 mace
rCold   . . .      Faith    .   (no shield)
rNeg    . . .      Spirit   .   d - +2 leather armour
rPois   .          Reflect  .   e - +0 helmet
rElec   .          Harm     .   (no cloak)
rCorr   .          Rampage  .   (no gloves)
Will    .....                   (no boots)
Stlth   +.........              (no amulet)
HPRegen 0.12/turn               (no ring)
MPRegen 0.11/turn               (no ring)

@: brilliant
A: fangs 1, strong nose, distributed training
a: Renounce Religion, Fiery Armour, Foxfire Swarm, Rising Flame


You were on level 3 of the Dungeon.
You worshipped Ignis.
Ignis was extremely pleased with you.
You visited 1 branch of the dungeon, and saw 3 of its levels.

You collected 91 gold pieces.

Inventory:

Hand Weapons
 a - a +0 dagger
 f - a +0 whip
 h - a +0 club
 j - a +0 hand axe
 n - a +0 mace (weapon)
 r - a +0 falchion
Missiles
 c - 64 stones
 l - 25 arrows
 o - 16 bolts
Armour
 d - a +2 leather armour (worn)
 e - a +0 helmet (worn)
 g - a +0 robe
Jewellery
 q - an amulet of guardian spirit
Scrolls
 p - 2 scrolls of identify {unknown}
Potions
 i - 2 potions of lignification {unknown}
 s - a potion of brilliance


   Skills:
 + Level 4.6 Fighting
 + Level 1.1 Short Blades
 + Level 1.1 Long Blades
 + Level 1.1 Axes
 + Level 1.1 Maces & Flails
 + Level 1.1 Polearms
 + Level 1.1 Staves
 + Level 1.1 Slings
 + Level 1.1 Bows
 + Level 1.1 Crossbows
 + Level 2.7 Throwing
 + Level 1.1 Armour
 + Level 8.5 Dodging
 + Level 1.1 Stealth
 + Level 1.1 Shields
 + Level 1.1 Unarmed Combat
 + Level 3.0 Spellcasting
 + Level 0.9 Conjurations
 + Level 0.9 Hexes
 + Level 0.9 Summonings
 + Level 0.9 Necromancy
 + Level 0.9 Translocations
 + Level 0.9 Transmutations
 + Level 0.9 Fire Magic
 + Level 0.9 Ice Magic
 + Level 0.9 Air Magic
 + Level 3.8 Earth Magic
 + Level 0.9 Poison Magic
 + Level 1.2 Invocations
 + Level 1.1 Evocations


You had 8 spell levels left.
You knew the following spells:

 Your Spells              Type           Power      Damage    Failure   Level
a - Sandblast             Erth           26%        2d8       8%          1

Your spell library contained the following spells:

 Spells                   Type           Power      Damage    Failure   Level
 Passwall                 Tmut/Erth      7%         N/A       22%         2
 Ensorcelled Hibernation  Hex/Ice        10%        N/A       36%         2
 Stone Arrow              Conj/Erth      18%        3d8       41%         3
 Swiftness                Air            5%         N/A       61%         3
 Summon Lightning Spire   Summ/Air       5%         N/A       95%         4
 Storm Form               Tmut/Air       2%         N/A       100%        7
 Maxwell's Capacitive Co  Air            2%         ∞         100%        8


Dungeon Overview and Level Annotations

Branches:
Dungeon (3/15)

Altars:
Ignis

Shops:
D:1 (


Innate Abilities, Weirdness & Mutations

You have very sharp teeth.
Your uncanny sense of smell can sniff out nearby items.
Your experience applies equally to all skills.


Message History

An orc and a goblin come into view.
Found 5 gold pieces.
An orc comes into view. It is wielding a +0 whip.
The orc shouts!
The goblin shouts!
You hear a shout!
The orc shouts!
An orc comes into view. It is wielding a +0 club.
The orc moves out of view.
You miss the goblin. The orc closely misses you.
The goblin hits you but does no damage.
You miss the goblin. The goblin hits you with a +0 dagger.
The orc hits you but does no damage. The goblin barely misses you.
A goblin comes into view. It is wielding a +0 dagger.
The goblin shouts!
The goblin closely misses you.
You closely miss the goblin. Your bite misses the goblin.
The orc hits you but does no damage. The orc closely misses you.
The goblin hits you but does no damage. The orc hits you but does no damage.
The orc hits you with a +0 club.
* * * LOW HITPOINT WARNING * * *
The orc complains noisily.
You hit the orc. You punch the orc, but do no damage.
The orc is moderately wounded.
The goblin barely misses you. The goblin completely misses you.
It was a potion of brilliance.
You feel clever all of a sudden. The goblin hits you with a +0 dagger.
* * * LOW HITPOINT WARNING * * *
The goblin barely misses you. The orc barely misses you. The orc misses you.
You hit the goblin.
The goblin is severely wounded.
The goblin hits you but does no damage. The orc hits you with a +0 dagger.
* * * LOW HITPOINT WARNING * * *
The goblin misses you. The orc misses you. The orc hits you with a +0 whip.
* * * LOW HITPOINT WARNING * * *
The goblin hits you but does no damage. The orc barely misses you.
The goblin hits you but does no damage.
It was a potion of degeneration.
There was something very wrong with that liquid.
You feel weakened.
You feel dopey.
You feel clumsy. The orc hits you with a +0 club.
You die...

#.
###.######
#........#
#........#
#........##
#........#
#...g.$..#
#...@o...#
#..ogo...#
#........#
#........#
#........#
#........#
##.#######
#. ..


You could see 3 orcs and 2 goblins.

Vanquished Creatures
  An orc priest (D:3)
  An adder (D:2)
  2 dart slugs
  3 orcs (D:3)
  3 bats
  6 endoplasms
  2 giant cockroaches
  A hobgoblin (D:2)
  3 quokkas
  8 ball pythons
  A frilled lizard (D:3)
  2 goblins
  2 kobolds (D:1)
  A rat (D:2)
36 creatures vanquished.

Notes
Turn   | Place    | Note
-------+----------+-------------------------------------------
     0 | D:1      | bromine the Gnoll Wanderer began the quest for the Orb.
     0 | D:1      | bromine set off with the following items: a +0 dagger, a
                  | potion of curing, 32 stones, a +2 leather armour; and the
                  | following spell memorised: Sandblast; and the following
                  | spells available to memorise: Stone Arrow
     0 | D:1      | Reached XP level 1. HP: 20/20 MP: 4/4
   145 | D:1      | Found Vakize's Weapon Emporium.
   312 | D:1      | Reached XP level 2. HP: 17/26 MP: 5/5
  1055 | D:1      | Found a faded altar of an unknown god.
  1432 | D:1      | Prayed at the altar of an unknown god.
  1432 | D:1      | Became a worshipper of Ignis, the Dying Flame
  1673 | D:2      | Reached XP level 3. HP: 26/31 MP: 7/7
  1673 | D:2      | Upgraded the game from 0.29-a0-25-g7f48f510a0 to
                  | 0.29-a0-40-g8eb35efe60
  2005 | D:2      | Reached skill level 1 in Invocations
  3048 | D:3      | Reached skill level 1 in Short Blades
  3048 | D:3      | Reached skill level 1 in Long Blades
  3048 | D:3      | Reached skill level 1 in Axes
  3048 | D:3      | Reached skill level 1 in Maces & Flails
  3048 | D:3      | Reached skill level 1 in Polearms
  3048 | D:3      | Reached skill level 1 in Staves
  3048 | D:3      | Reached skill level 1 in Slings
  3048 | D:3      | Reached skill level 1 in Bows
  3048 | D:3      | Reached skill level 1 in Crossbows
  3048 | D:3      | Reached skill level 1 in Armour
  3048 | D:3      | Reached skill level 1 in Stealth
  3048 | D:3      | Reached skill level 1 in Shields
  3048 | D:3      | Reached skill level 1 in Unarmed Combat
  3048 | D:3      | Reached skill level 1 in Evocations
  3066 | D:3      | Reached XP level 4. HP: 4/38 MP: 8/8
  3089 | D:3      | Slain by an orc

Illustrated notes

Levels and vault maps discovered:
D:1:      roderic_chinese_lattice_arrival, layout_basic,
          shapermc_ecumenical_altar_venn, serial_shops, shop
D:2:      layout_basic
D:3:      layout_basic

Skill      XL: |  1  2  3 |
---------------+----------+-----
Invocations    | 1 |  1.2
Short Blades   | 1 |  1.1
Long Blades    | 1 |  1.1
Axes           | 1 |  1.1
Maces & Flails | 1 |  1.1
Polearms       | 1 |  1.1
Staves         | 1 |  1.1
Slings         | 1 |  1.1
Bows           | 1 |  1.1
Crossbows      | 1 |  1.1
Armour         | 1 |  1.1
Stealth        | 1 |  1.1
Shields        | 1 |  1.1
Unarmed Combat | 1 |  1.1
Evocations     | 1 |  1.1
Spellcasting   | 3 |  3.0
Fighting       | |  4.6
Throwing       | |  2.7
Dodging        | |  8.5
Conjurations   | |  0.9
Hexes          | |  0.9
Summonings     | |  0.9
Necromancy     | |  0.9
Translocations | |  0.9
Transmutations | |  0.9
Fire Magic     | |  0.9
Ice Magic      | |  0.9
Air Magic      | |  0.9
Earth Magic    | |  3.8
Poison Magic   | |  0.9

Action                   |  1- 3 |  4- 6 || total
-------------------------+-------+-------++-------
Melee: Dagger            |    56 |       ||    56
       Bite              |    12 |       ||    12
       Mace              |    92 |     5 ||    97
       Punch             |     3 |     1 ||     4
  Use: Potion            |     1 |     3 ||     4
       Scroll            |     1 |     3 ||     4
Armor: Leather armour    |    49 |     8 ||    57
Dodge: Dodged            |   170 |    12 ||   182

Table legend: (Time is in decaauts)
 A = Elapsed time spent in this place.
 B = Non-inter-level travel time spent in this place.
 C = Inter-level travel time spent in this place.
 D = Time resting spent in this place.
 E = Time spent auto-exploring this place.
 F = Levels seen in this place.
 G = Mean time per level.
                   A        B        C        D        E       F      G
               +--------+--------+--------+--------+--------+-----+--------+
         Total |   3124 |   2604 |    520 |      0 |      0 |   3 | 1041.3 |
       Dungeon |   3124 |   2604 |    520 |      0 |      0 |   3 | 1041.3 |
               +--------+--------+--------+--------+--------+-----+--------+

Top non-repeatable levels by time:
     D:1: 1602 daAuts
     D:2: 1424 daAuts
     D:3: 97 daAuts
